[ PARTIDA AOE2 · #483954850 ]
Team RMCeltas vs Celts
[ ANÁLISIS DE REPETICIÓN · EXTRAÍDO DE LA PARTIDA GRABADA ]
Feudal
12:51
Castillos
19:42
Imperial
36:03
| APM promedio | 11.5 |
| APM pico | 23 |
| eAPM promedio | 10.4 |
| Aldeanos / militares | 86 / 84 |
Foco
⚔️ 23.1% · 🌾 76.9%
Woad Raider ×30 · Militia ×20 · Mangonel ×16 · Scorpion ×11 · Trade Cart ×10 · Monk ×4
Feudal
13:04
Castillos
18:14
Imperial
31:17
| APM promedio | 38.8 |
| APM pico | 78 |
| eAPM promedio | 30.6 |
| Aldeanos / militares | 250 / 361 |
Foco
⚔️ 32.4% · 🌾 67.6%
Spearman ×242 · Mangonel ×65 · Woad Raider ×22 · Trebuchet (Packed) ×19 · Scorpion ×11 · Monk ×2
Feudal
13:25
Castillos
23:37
Imperial
36:36
| APM promedio | 17.7 |
| APM pico | 34 |
| eAPM promedio | 14.1 |
| Aldeanos / militares | 128 / 116 |
Foco
⚔️ 33.2% · 🌾 66.8%
Scout Cavalry ×46 · Scorpion ×36 · Spearman ×11 · Militia ×9 · Trebuchet (Packed) ×5 · Knight ×3
Feudal
13:58
Castillos
20:50
Imperial
40:53
| APM promedio | 24.5 |
| APM pico | 87 |
| eAPM promedio | 16.6 |
| Aldeanos / militares | 232 / 50 |
Foco
⚔️ 16.2% · 🌾 83.8%
Spearman ×18 · Knight ×12 · Bombard Cannon ×9 · Hussite Wagon ×8 · Trade Cart ×6 · Mangonel ×2
Mapa de la partida
Recursos al inicio + cada clic de construcción. Línea gruesa = muro · recuadro discontinuo = muro de casas detectado. 🟡 oro · ⚪ piedra · 🟢 bayas · 🔶 jabalí · ⭕ reliquia
Inputs por minuto
— simirfan - - Fat Mike
Build order — simirfan
Primeras 150 de 294 acciones detectadas
| 0:02 | Investigar | Loom |
| 0:02 | Crear | Villager (Male) ×4 |
| 0:05 | Construir | House |
| 0:06 | Construir | House |
| 0:22 | Construir | Palisade Wall |
| 1:32 | Construir | Lumber Camp |
| 1:42 | Construir | Palisade Wall |
| 2:17 | Crear | Villager (Male) |
| 2:59 | Crear | Villager (Male) |
| 3:30 | Crear | Villager (Male) |
| 4:07 | Crear | Villager (Male) |
| 4:28 | Construir | House |
| 4:45 | Crear | Villager (Male) ×2 |
| 5:16 | Construir | Mill |
| 5:21 | Crear | Villager (Male) |
| 6:10 | Crear | Villager (Male) ×2 |
| 6:38 | Crear | Villager (Male) |
| 6:52 | Construir | House |
| 6:53 | Construir | House |
| 7:45 | Crear | Villager (Male) |
| 7:46 | Crear | Villager (Male) |
| 7:46 | Crear | Villager (Male) |
| 8:30 | Crear | Villager (Male) |
| 8:42 | Construir | Lumber Camp |
| 9:25 | Crear | Villager (Male) |
| 9:33 | Crear | Villager (Male) |
| 9:35 | Crear | Villager (Male) |
| 9:55 | Construir | Mining Camp |
| 10:07 | Investigar | Feudal Age |
| 10:16 | Construir | Mill |
| 10:52 | Crear | Villager (Male) |
| 10:52 | Crear | Villager (Male) |
| 11:33 | Construir | Barracks |
| 11:58 | Construir | House |
| 12:00 | Construir | House |
| 12:51 | Edad | Edad Feudal |
| 12:57 | Construir | Blacksmith |
| 13:02 | Construir | Market |
| 13:06 | Investigar | Double-Bit Axe |
| 13:19 | Construir | Stone Wall |
| 13:31 | Crear | Villager (Male) |
| 13:53 | Crear | Villager (Male) |
| 14:09 | Crear | Villager (Male) |
| 14:43 | Crear | Villager (Male) |
| 15:17 | Construir | Farm |
| 15:17 | Construir | Farm |
| 15:18 | Construir | Farm |
| 15:18 | Construir | Farm |
| 15:18 | Construir | Farm |
| 15:19 | Construir | Farm |
| 15:19 | Construir | Farm |
| 15:34 | Construir | House |
| 15:35 | Construir | House |
| 15:42 | Crear | Villager (Male) |
| 15:43 | Crear | Villager (Male) |
| 15:51 | Construir | Farm |
| 15:51 | Construir | Farm |
| 15:51 | Construir | Farm |
| 15:52 | Construir | Farm |
| 15:52 | Construir | Farm |
| 16:48 | Construir | Stone Wall |
| 17:02 | Investigar | Castle Age |
| 17:12 | Crear | Militia |
| 17:31 | Crear | Villager (Male) |
| 17:38 | Investigar | Man-at-Arms (upgrade) |
| 17:46 | Construir | Barracks |
| 17:56 | Crear | Trade Cart ×3 |
| 18:14 | Crear | Militia |
| 18:20 | Investigar | Scale Mail Armor |
| 18:37 | Crear | Villager (Male) |
| 18:48 | Crear | Militia |
| 19:17 | Construir | Farm |
| 19:18 | Construir | Farm |
| 19:18 | Construir | Farm |
| 19:19 | Construir | Farm |
| 19:35 | Construir | Building 673 |
| 19:40 | Construir | Stone Wall |
| 19:42 | Edad | Edad de los Castillos |
| 19:56 | Construir | Town Center |
| 20:02 | Construir | Siege Workshop |
| 20:07 | Crear | Villager (Male) |
| 20:15 | Investigar | Horse Collar |
| 20:18 | Investigar | Long Swordsman (upgrade) |
| 20:30 | Investigar | Arson |
| 20:32 | Crear | Militia |
| 21:02 | Construir | House |
| 21:03 | Construir | House |
| 21:05 | Construir | House |
| 21:13 | Crear | Villager (Male) |
| 21:13 | Crear | Villager (Male) |
| 21:26 | Investigar | Gambesons |
| 21:38 | Crear | Villager (Male) ×2 |
| 21:52 | Crear | Militia |
| 22:12 | Crear | Villager (Male) |
| 22:13 | Crear | Villager (Male) |
| 22:13 | Crear | Villager (Male) |
| 22:34 | Construir | Town Center |
| 22:45 | Construir | Farm |
| 22:51 | Construir | House |
| 22:52 | Construir | House |
| 22:57 | Crear | Villager (Male) |
| 23:00 | Crear | Villager (Male) |
| 23:01 | Crear | Villager (Male) |
| 23:01 | Crear | Villager (Male) |
| 23:27 | Crear | Militia |
| 23:36 | Investigar | Chain Mail Armor |
| 23:45 | Investigar | Forging |
| 23:52 | Construir | House |
| 23:53 | Construir | House |
| 23:54 | Construir | House |
| 23:58 | Crear | Villager (Male) |
| 24:04 | Crear | Villager (Male) |
| 24:13 | Crear | Villager (Male) |
| 24:39 | Crear | Militia ×2 |
| 25:08 | Crear | Villager (Male) |
| 25:08 | Crear | Villager (Male) |
| 25:11 | Crear | Villager (Male) |
| 25:11 | Crear | Villager (Male) |
| 25:16 | Crear | Villager (Male) |
| 25:28 | Construir | Building 487 |
| 25:34 | Construir | Stone Wall |
| 25:38 | Crear | Villager (Male) ×2 |
| 25:43 | Crear | Villager (Male) |
| 25:54 | Construir | Farm |
| 25:55 | Construir | Farm |
| 25:55 | Construir | Farm |
| 25:55 | Construir | Farm |
| 25:55 | Construir | Farm |
| 25:56 | Construir | Farm |
| 25:56 | Construir | Farm |
| 25:56 | Construir | Farm |
| 25:57 | Construir | Farm |
| 25:57 | Construir | Farm |
| 25:57 | Construir | Farm |
| 25:57 | Construir | Farm |
| 26:05 | Investigar | Heavy Plow |
| 26:20 | Crear | Villager (Male) |
| 26:28 | Crear | Trade Cart ×4 |
| 26:45 | Crear | Spearman ×3 |
| 26:56 | Construir | Farm |
| 27:02 | Crear | Villager (Male) ×2 |
| 27:09 | Crear | Trade Cart |
| 27:25 | Construir | Stone Wall |
| 27:35 | Construir | Stone Wall |
| 27:41 | Crear | Villager (Male) |
| 27:41 | Crear | Villager (Male) |
| 27:41 | Crear | Villager (Male) |
| 27:42 | Crear | Villager (Male) |
| 27:46 | Crear | Villager (Male) |
| 27:46 | Crear | Villager (Male) |
Build order — Fat Mike
Primeras 150 de 676 acciones detectadas
| 0:01 | Crear | Villager (Male) |
| 0:01 | Crear | Villager (Male) |
| 0:01 | Crear | Villager (Male) |
| 0:03 | Construir | House |
| 0:03 | Crear | Villager (Male) |
| 0:04 | Crear | Villager (Male) |
| 0:05 | Construir | House |
| 0:47 | Investigar | Loom |
| 0:49 | Crear | Villager (Male) |
| 0:50 | Crear | Villager (Male) |
| 0:50 | Crear | Villager (Male) |
| 1:30 | Crear | Villager (Male) |
| 2:21 | Crear | Villager (Male) |
| 2:21 | Crear | Villager (Male) |
| 2:36 | Construir | Palisade Wall |
| 3:01 | Construir | Palisade Wall |
| 3:07 | Crear | Villager (Male) |
| 3:26 | Crear | Villager (Male) |
| 3:26 | Crear | Villager (Male) |
| 3:31 | Crear | Villager (Male) |
| 3:31 | Crear | Villager (Male) |
| 4:02 | Construir | Palisade Wall |
| 4:04 | Crear | Villager (Male) |
| 4:26 | Construir | House |
| 4:30 | Construir | House |
| 4:37 | Crear | Villager (Male) |
| 4:58 | Crear | Villager (Male) |
| 4:58 | Crear | Villager (Male) |
| 5:22 | Crear | Villager (Male) |
| 5:23 | Crear | Villager (Male) |
| 5:51 | Construir | Lumber Camp |
| 5:51 | Crear | Villager (Male) |
| 5:51 | Crear | Villager (Male) |
| 6:28 | Construir | House |
| 6:44 | Crear | Villager (Male) |
| 6:44 | Crear | Villager (Male) |
| 6:45 | Crear | Villager (Male) |
| 6:47 | Crear | Villager (Male) |
| 6:47 | Crear | Villager (Male) |
| 7:28 | Crear | Villager (Male) |
| 7:29 | Crear | Villager (Male) |
| 7:29 | Crear | Villager (Male) |
| 7:30 | Crear | Villager (Male) |
| 7:30 | Crear | Villager (Male) |
| 7:38 | Crear | Villager (Male) |
| 7:38 | Crear | Villager (Male) |
| 7:44 | Construir | Mill |
| 8:30 | Crear | Villager (Male) |
| 8:30 | Crear | Villager (Male) |
| 8:30 | Crear | Villager (Male) |
| 8:33 | Crear | Villager (Male) |
| 8:34 | Crear | Villager (Male) |
| 8:50 | Construir | Lumber Camp |
| 9:06 | Crear | Villager (Male) |
| 9:06 | Crear | Villager (Male) |
| 10:18 | Crear | Villager (Male) |
| 10:22 | Construir | Mining Camp |
| 10:35 | Investigar | Feudal Age |
| 11:24 | Construir | House |
| 12:19 | Construir | House |
| 12:24 | Construir | House |
| 12:28 | Construir | House |
| 12:36 | Crear | Villager (Male) |
| 12:44 | Crear | Villager (Male) |
| 13:04 | Edad | Edad Feudal |
| 13:17 | Construir | Market |
| 13:20 | Crear | Villager (Male) |
| 13:27 | Construir | Blacksmith |
| 13:30 | Crear | Villager (Male) |
| 13:33 | Construir | Mill |
| 13:45 | Construir | Stone Wall |
| 13:46 | Crear | Villager (Male) |
| 13:53 | Construir | Mining Camp |
| 13:57 | Crear | Villager (Male) |
| 14:13 | Crear | Villager (Male) |
| 14:20 | Construir | Farm |
| 14:23 | Construir | Farm |
| 14:25 | Construir | Farm |
| 14:26 | Crear | Villager (Male) |
| 14:43 | Construir | Stone Wall |
| 14:45 | Crear | Villager (Male) |
| 14:48 | Construir | Farm |
| 14:58 | Construir | Farm |
| 15:07 | Construir | Farm |
| 15:15 | Construir | Farm |
| 15:21 | Crear | Villager (Male) |
| 15:29 | Investigar | Castle Age |
| 15:39 | Construir | Farm |
| 16:03 | Investigar | Double-Bit Axe |
| 16:09 | Construir | Farm |
| 16:15 | Construir | Farm |
| 16:29 | Construir | Outpost |
| 16:31 | Construir | Outpost |
| 16:34 | Crear | Villager (Male) |
| 16:45 | Crear | Villager (Male) |
| 16:45 | Crear | Villager (Male) |
| 17:00 | Crear | Villager (Male) |
| 17:19 | Construir | Outpost |
| 17:26 | Crear | Villager (Male) |
| 18:11 | Crear | Villager (Male) |
| 18:12 | Crear | Villager (Male) |
| 18:14 | Edad | Edad de los Castillos |
| 18:15 | Crear | Villager (Male) |
| 18:24 | Construir | Town Center |
| 18:26 | Crear | Villager (Male) |
| 18:42 | Construir | Town Center |
| 18:51 | Crear | Villager (Male) |
| 18:51 | Crear | Villager (Male) |
| 18:51 | Crear | Villager (Male) |
| 18:58 | Crear | Villager (Male) |
| 18:58 | Crear | Villager (Male) |
| 18:59 | Crear | Villager (Male) |
| 19:05 | Investigar | Wheelbarrow |
| 19:31 | Investigar | Bow Saw |
| 19:32 | Crear | Villager (Male) |
| 19:32 | Crear | Villager (Male) |
| 19:32 | Crear | Villager (Male) |
| 19:32 | Crear | Villager (Male) |
| 19:33 | Crear | Villager (Male) |
| 19:33 | Crear | Villager (Male) |
| 19:35 | Crear | Villager (Male) |
| 19:35 | Crear | Villager (Male) |
| 19:35 | Crear | Villager (Male) |
| 19:39 | Crear | Villager (Male) |
| 19:39 | Crear | Villager (Male) |
| 19:40 | Crear | Villager (Male) |
| 19:45 | Construir | Farm |
| 19:47 | Crear | Villager (Male) |
| 19:54 | Crear | Villager (Male) |
| 19:54 | Crear | Villager (Male) |
| 20:09 | Crear | Villager (Male) |
| 20:10 | Crear | Villager (Male) |
| 20:10 | Crear | Villager (Male) |
| 20:11 | Crear | Villager (Male) |
| 20:12 | Crear | Villager (Male) |
| 20:13 | Crear | Villager (Male) |
| 20:28 | Construir | Monastery |
| 20:30 | Crear | Villager (Male) |
| 20:30 | Crear | Villager (Male) |
| 20:40 | Crear | Villager (Male) |
| 20:40 | Crear | Villager (Male) |
| 20:41 | Crear | Villager (Male) |
| 20:49 | Construir | Farm |
| 20:52 | Construir | Farm |
| 20:55 | Construir | Farm |
| 20:57 | Construir | Farm |
| 21:00 | Construir | Farm |
| 21:03 | Construir | Mill |
| 21:04 | Crear | Monk |
| 21:07 | Crear | Villager (Male) |
Build order — Bfun
Primeras 150 de 417 acciones detectadas
| 0:02 | Crear | Villager (Male) |
| 0:03 | Crear | Villager (Male) |
| 0:03 | Crear | Villager (Male) |
| 0:03 | Crear | Villager (Male) |
| 0:05 | Construir | House |
| 0:06 | Construir | House |
| 0:53 | Investigar | Loom |
| 1:33 | Construir | Palisade Wall |
| 1:44 | Crear | Villager (Male) |
| 1:49 | Construir | Lumber Camp |
| 2:32 | Construir | Building 804 |
| 2:38 | Construir | Palisade Wall |
| 2:50 | Construir | Palisade Wall |
| 2:52 | Construir | Palisade Wall |
| 3:06 | Crear | Villager (Male) |
| 3:06 | Crear | Villager (Male) |
| 3:48 | Crear | Villager (Male) |
| 3:49 | Crear | Villager (Male) |
| 4:05 | Crear | Villager (Male) |
| 4:53 | Construir | Palisade Wall |
| 4:56 | Crear | Villager (Male) |
| 5:06 | Crear | Villager (Male) |
| 5:22 | Crear | Villager (Male) |
| 5:42 | Construir | House |
| 5:45 | Construir | House |
| 5:55 | Crear | Villager (Male) |
| 6:13 | Construir | Palisade Wall |
| 6:33 | Crear | Villager (Male) |
| 7:51 | Crear | Villager (Male) |
| 7:52 | Crear | Villager (Male) |
| 8:27 | Construir | Palisade Wall |
| 8:39 | Construir | Palisade Wall |
| 8:45 | Crear | Villager (Male) |
| 8:48 | Construir | Mill |
| 8:51 | Crear | Villager (Male) |
| 9:01 | Crear | Villager (Male) |
| 9:07 | Construir | Mill |
| 9:26 | Construir | Palisade Wall |
| 9:45 | Crear | Villager (Male) |
| 9:57 | Construir | Barracks |
| 10:04 | Crear | Villager (Male) |
| 10:23 | Construir | House |
| 10:25 | Construir | House |
| 10:33 | Construir | Mining Camp |
| 10:35 | Crear | Villager (Male) |
| 10:36 | Investigar | Feudal Age |
| 11:30 | Crear | Militia |
| 11:30 | Crear | Militia |
| 11:31 | Crear | Militia |
| 12:39 | Crear | Militia |
| 12:48 | Crear | Militia |
| 13:04 | Construir | Farm |
| 13:05 | Construir | Farm |
| 13:25 | Edad | Edad Feudal |
| 13:28 | Construir | Blacksmith |
| 13:30 | Crear | Villager (Male) |
| 13:30 | Crear | Villager (Male) |
| 13:34 | Investigar | Man-at-Arms (upgrade) |
| 13:55 | Crear | Militia |
| 14:17 | Investigar | Forging |
| 14:23 | Construir | Farm |
| 14:24 | Crear | Villager (Male) |
| 14:29 | Crear | Militia |
| 14:51 | Crear | Militia |
| 14:57 | Construir | Farm |
| 14:58 | Crear | Villager (Male) |
| 15:12 | Construir | Market |
| 15:22 | Crear | Militia |
| 15:29 | Construir | House |
| 15:30 | Construir | House |
| 15:31 | Construir | House |
| 17:14 | Construir | Stable |
| 17:15 | Crear | Villager (Male) |
| 17:15 | Crear | Villager (Male) |
| 17:19 | Construir | Farm |
| 17:23 | Construir | Farm |
| 17:23 | Construir | Farm |
| 17:24 | Construir | Farm |
| 17:24 | Construir | Farm |
| 17:25 | Construir | Farm |
| 17:26 | Construir | Farm |
| 17:26 | Construir | Farm |
| 17:27 | Crear | Villager (Male) |
| 17:27 | Crear | Villager (Male) |
| 18:14 | Construir | Farm |
| 19:05 | Construir | Farm |
| 19:08 | Construir | Farm |
| 19:18 | Crear | Villager (Male) |
| 19:48 | Construir | Farm |
| 19:51 | Crear | Villager (Male) |
| 20:55 | Construir | Farm |
| 20:57 | Investigar | Castle Age |
| 21:16 | Investigar | Double-Bit Axe |
| 21:20 | Investigar | Horse Collar |
| 21:46 | Investigar | Scale Mail Armor |
| 23:37 | Edad | Edad de los Castillos |
| 23:45 | Construir | Town Center |
| 23:46 | Crear | Villager (Male) |
| 23:46 | Crear | Villager (Male) |
| 24:01 | Investigar | Iron Casting |
| 24:41 | Crear | Villager (Male) |
| 24:47 | Crear | Villager (Male) |
| 24:51 | Investigar | Bloodlines |
| 25:06 | Crear | Villager (Male) |
| 25:07 | Crear | Villager (Male) |
| 25:29 | Construir | Town Center |
| 25:32 | Crear | Villager (Male) |
| 25:34 | Crear | Villager (Male) |
| 25:42 | Construir | Stable |
| 25:45 | Crear | Battle Elephant |
| 25:46 | Crear | Battle Elephant |
| 25:54 | Crear | Spearman |
| 25:55 | Crear | Spearman |
| 25:55 | Crear | Spearman |
| 25:56 | Crear | Spearman |
| 25:57 | Crear | Spearman |
| 26:06 | Construir | Barracks |
| 26:07 | Investigar | Chain Mail Armor |
| 26:12 | Crear | Villager (Male) |
| 26:16 | Investigar | Wheelbarrow |
| 26:50 | Crear | Knight |
| 26:57 | Crear | Spearman |
| 26:57 | Crear | Spearman |
| 27:00 | Crear | Villager (Male) |
| 27:05 | Construir | Farm |
| 27:06 | Crear | Villager (Male) |
| 27:11 | Construir | Farm |
| 27:24 | Construir | Siege Workshop |
| 27:29 | Construir | Farm |
| 27:30 | Crear | Villager (Male) |
| 27:39 | Construir | Lumber Camp |
| 27:53 | Crear | Villager (Male) |
| 27:54 | Crear | Villager (Male) |
| 27:56 | Crear | Villager (Male) |
| 27:57 | Crear | Villager (Male) |
| 28:16 | Investigar | Town Watch |
| 28:20 | Construir | Farm |
| 28:27 | Construir | Farm |
| 28:30 | Construir | House |
| 28:40 | Crear | Villager (Male) |
| 28:44 | Crear | Villager (Male) |
| 28:48 | Crear | Villager (Male) |
| 28:52 | Construir | House |
| 29:03 | Crear | Mangonel |
| 29:07 | Construir | Farm |
| 29:15 | Construir | Farm |
| 29:20 | Construir | House |
| 29:25 | Crear | Villager (Male) |
| 29:28 | Crear | Villager (Male) |
| 29:59 | Construir | House |
Build order — M.S.
Primeras 150 de 413 acciones detectadas
| 0:02 | Crear | Villager (Male) ×4 |
| 0:02 | Crear | Villager (Male) |
| 0:02 | Crear | Villager (Male) |
| 0:02 | Crear | Villager (Male) |
| 0:02 | Crear | Villager (Male) |
| 0:02 | Crear | Villager (Male) |
| 0:02 | Crear | Villager (Male) |
| 0:02 | Crear | Villager (Male) |
| 0:02 | Crear | Villager (Male) |
| 0:02 | Crear | Villager (Male) |
| 0:02 | Crear | Villager (Male) |
| 0:02 | Crear | Villager (Male) |
| 0:02 | Crear | Villager (Male) |
| 0:02 | Crear | Villager (Male) |
| 0:02 | Crear | Villager (Male) |
| 0:02 | Crear | Villager (Male) |
| 0:02 | Crear | Villager (Male) |
| 0:02 | Crear | Villager (Male) |
| 0:02 | Crear | Villager (Male) |
| 0:02 | Crear | Villager (Male) |
| 0:02 | Crear | Villager (Male) |
| 0:02 | Crear | Villager (Male) |
| 0:02 | Crear | Villager (Male) |
| 0:02 | Crear | Villager (Male) |
| 0:02 | Crear | Villager (Male) |
| 0:02 | Crear | Villager (Male) |
| 0:02 | Crear | Villager (Male) |
| 0:02 | Crear | Villager (Male) |
| 0:02 | Crear | Villager (Male) |
| 0:02 | Crear | Villager (Male) |
| 0:02 | Crear | Villager (Male) |
| 0:02 | Crear | Villager (Male) |
| 0:02 | Crear | Villager (Male) |
| 0:02 | Crear | Villager (Male) |
| 0:03 | Crear | Villager (Male) |
| 0:03 | Crear | Villager (Male) |
| 0:03 | Crear | Villager (Male) |
| 0:03 | Crear | Villager (Male) |
| 0:03 | Crear | Villager (Male) |
| 0:03 | Crear | Villager (Male) |
| 0:03 | Crear | Villager (Male) |
| 0:03 | Crear | Villager (Male) |
| 0:03 | Crear | Villager (Male) |
| 0:03 | Crear | Villager (Male) |
| 0:03 | Crear | Villager (Male) |
| 0:03 | Crear | Villager (Male) |
| 0:08 | Construir | House |
| 0:26 | Investigar | Loom |
| 0:27 | Crear | Villager (Male) ×3 |
| 1:29 | Construir | Building 804 |
| 1:36 | Construir | Palisade Wall |
| 1:53 | Crear | Villager (Male) |
| 2:38 | Crear | Villager (Male) |
| 2:40 | Construir | House |
| 2:45 | Crear | Villager (Male) |
| 3:27 | Crear | Villager (Male) |
| 3:50 | Crear | Villager (Male) |
| 4:14 | Crear | Villager (Male) |
| 4:41 | Construir | Mill |
| 5:08 | Crear | Villager (Male) |
| 5:08 | Crear | Villager (Male) |
| 5:09 | Crear | Villager (Male) |
| 5:43 | Crear | Villager (Male) |
| 6:06 | Construir | House |
| 6:08 | Construir | House |
| 6:09 | Construir | House |
| 6:22 | Crear | Villager (Male) |
| 6:23 | Crear | Villager (Male) |
| 6:46 | Crear | Villager (Male) |
| 7:27 | Crear | Villager (Male) |
| 7:28 | Crear | Villager (Male) |
| 7:28 | Crear | Villager (Male) |
| 8:03 | Crear | Villager (Male) |
| 8:27 | Construir | Palisade Wall |
| 8:51 | Construir | Lumber Camp |
| 9:22 | Construir | Mining Camp |
| 9:34 | Crear | Villager (Male) |
| 9:34 | Crear | Villager (Male) |
| 10:26 | Crear | Villager (Male) |
| 10:26 | Crear | Villager (Male) |
| 10:58 | Construir | Mill |
| 11:10 | Crear | Villager (Male) |
| 11:48 | Investigar | Feudal Age |
| 13:21 | Crear | Villager (Male) |
| 13:22 | Crear | Villager (Male) |
| 13:58 | Edad | Edad Feudal |
| 14:31 | Construir | Building 673 |
| 14:35 | Construir | Stone Wall |
| 14:38 | Construir | Stone Wall |
| 15:04 | Construir | Watch Tower |
| 15:19 | Construir | Mill |
| 15:21 | Crear | Villager (Male) |
| 15:21 | Crear | Villager (Male) |
| 15:23 | Investigar | Double-Bit Axe |
| 15:32 | Construir | Market |
| 15:35 | Construir | Blacksmith |
| 16:47 | Crear | Villager (Male) |
| 16:55 | Construir | Barracks |
| 17:50 | Construir | Lumber Camp |
| 18:10 | Investigar | Castle Age |
| 18:59 | Construir | Mining Camp |
| 20:09 | Construir | Stable |
| 20:29 | Investigar | Horse Collar |
| 20:50 | Edad | Edad de los Castillos |
| 21:04 | Crear | Knight |
| 21:11 | Construir | House |
| 21:11 | Construir | House |
| 21:11 | Construir | House |
| 21:31 | Crear | Villager (Male) |
| 21:41 | Construir | House |
| 21:43 | Construir | House |
| 21:45 | Construir | House |
| 21:58 | Construir | House |
| 21:58 | Construir | House |
| 22:30 | Construir | House |
| 22:31 | Construir | House |
| 23:02 | Crear | Knight |
| 23:15 | Construir | Town Center |
| 23:18 | Crear | Villager (Male) |
| 23:18 | Crear | Villager (Male) |
| 23:59 | Crear | Knight |
| 24:15 | Crear | Villager (Male) |
| 24:20 | Construir | Farm |
| 24:20 | Construir | Farm |
| 24:20 | Construir | Farm |
| 24:21 | Construir | Farm |
| 24:24 | Crear | Villager (Male) |
| 24:52 | Construir | Farm |
| 24:53 | Construir | Farm |
| 24:53 | Construir | Farm |
| 24:53 | Construir | Farm |
| 24:54 | Construir | Farm |
| 25:16 | Construir | Farm |
| 25:16 | Construir | Farm |
| 25:16 | Construir | Farm |
| 25:17 | Construir | Farm |
| 25:17 | Construir | Farm |
| 25:26 | Crear | Villager (Male) |
| 26:05 | Construir | Farm |
| 26:05 | Construir | Farm |
| 26:06 | Construir | Farm |
| 26:06 | Construir | Farm |
| 26:08 | Crear | Villager (Male) |
| 26:14 | Crear | Villager (Male) |
| 26:52 | Crear | Villager (Male) |
| 26:54 | Crear | Villager (Male) |
| 27:26 | Construir | Castle |
| 27:29 | Crear | Villager (Male) |
| 27:40 | Construir | Farm |
| 27:40 | Construir | Farm |
Cronología de la partida
| 0:22 | simirfan · wall_segment Palisade Wall x14 |
| 1:33 | Bfun · wall_segment Palisade Wall x9 |
| 1:36 | M.S. · wall_segment Palisade Wall x7 |
| 1:42 | simirfan · wall_segment Palisade Wall x4 |
| 2:36 | Fat Mike · wall_segment Palisade Wall x9 |
| 2:38 | Bfun · wall_segment Palisade Wall x5 |
| 2:50 | Bfun · wall_segment Palisade Wall x1 |
| 2:52 | Bfun · wall_segment Palisade Wall x1 |
| 3:01 | Fat Mike · wall_segment Palisade Wall x13 |
| 4:02 | Fat Mike · wall_segment Palisade Wall x12 |
| 4:53 | Bfun · wall_segment Palisade Wall x5 |
| 6:13 | Bfun · wall_segment Palisade Wall x1 |
| 8:27 | Bfun · wall_segment Palisade Wall x4 |
| 8:27 | M.S. · wall_segment Palisade Wall x1 |
| 8:39 | Bfun · wall_segment Palisade Wall x1 |
| 9:26 | Bfun · wall_segment Palisade Wall x2 |
| 9:57 | Bfun · first_building Barracks |
| 11:33 | simirfan · first_building Barracks |
| 12:51 | simirfan · age_up feudal |
| 13:04 | Fat Mike · age_up feudal |
| 13:19 | simirfan · wall_segment Stone Wall x13 |
| 13:25 | Bfun · age_up feudal |
| 13:45 | Fat Mike · wall_segment Stone Wall x14 |
| 13:58 | M.S. · age_up feudal |
| 14:35 | M.S. · wall_segment Stone Wall x1 |
| 14:38 | M.S. · wall_segment Stone Wall x4 |
| 14:43 | Fat Mike · wall_segment Stone Wall x1 |
| 16:01 | simirfan · first_market_buy 100 food |
| 16:48 | simirfan · wall_segment Stone Wall x16 |
| 16:55 | M.S. · first_building Barracks |
| 16:58 | simirfan · first_market_sell 100 wood |
| 17:14 | Bfun · first_building Stable |
| 18:14 | Fat Mike · age_up castle |
| 19:40 | simirfan · wall_segment Stone Wall x4 |
| 19:42 | simirfan · age_up castle |
| 20:02 | simirfan · first_building Siege Workshop |
| 20:09 | M.S. · first_building Stable |
| 20:28 | Fat Mike · first_building Monastery |
| 20:50 | M.S. · age_up castle |
| 20:58 | M.S. · first_market_sell 100 wood |
| 20:59 | M.S. · first_market_buy 100 food |
| 23:37 | Bfun · age_up castle |
| 25:34 | simirfan · wall_segment Stone Wall x6 |
| 26:48 | Fat Mike · first_building Siege Workshop |
| 27:24 | Bfun · first_building Siege Workshop |
| 27:25 | simirfan · wall_segment Stone Wall x4 |
| 27:26 | M.S. · first_building Castle |
| 27:35 | simirfan · wall_segment Stone Wall x5 |
| 28:29 | simirfan · first_building Monastery |
| 29:50 | M.S. · first_building Siege Workshop |
| 30:00 | Fat Mike · first_building Castle |
| 31:12 | Fat Mike · first_market_sell 100 food |
| 31:17 | Fat Mike · age_up imperial |
| 31:51 | Fat Mike · first_building Barracks |
| 32:00 | simirfan · first_building Castle |
| 34:34 | M.S. · wall_segment Stone Wall x14 |
| 35:15 | Bfun · first_building Castle |
| 36:03 | simirfan · age_up imperial |
| 36:36 | Bfun · age_up imperial |
| 36:58 | simirfan · wall_segment Stone Wall x8 |
| 37:27 | M.S. · first_building Monastery |
| 40:53 | M.S. · age_up imperial |
| 41:34 | M.S. · wall_segment Stone Wall x9 |
| 50:20 | M.S. · resign |
[ ANÁLISIS IA · 1 CRÉDITO ]
¿Qué pasó realmente en esta partida?
Wolo.gg analiza cada decisión: build order, eco, micro, errores típicos por bracket. Análisis personalizado por WhatsApp o Discord en 30 segundos.
Guía civ
Celtas
Guía mapa
Black Forest
Perfil
simirfan